 Dungeon Crawl Stone Soup version 0.23.0 (webtiles) character file.

Game seed: 16460272772088589699

3487 snowfan the Zephyrmancer (level 10, -1/56 HPs)
             Began as an Octopode Air Elementalist on Feb 17, 2019.
             Was a Follower of Qazlal.
             Slain by a sky beast (5 damage)
             ... on level 7 of the Dungeon on Feb 18, 2019.
             The game lasted 00:45:17 (10927 turns).

snowfan the Zephyrmancer (OpAE)                    Turns: 10927, Time: 00:45:20

Health: -1/56      AC:  1    Str:  8    XL:     10   Next: 7%
Magic:  1/19       EV: 15    Int: 21    God:    Qazlal [*.....]
Gold:   373        SH:  1    Dex: 12    Spells: 6/21 levels left

rFire    . . .     SeeInvis .   m - +2 quarterstaff (chaos)
rCold    . . .     Gourm    .   (shield currently unavailable)
rNeg     + . .     Faith    .   (helmet restricted)
rPois    .         Spirit   .   (no amulet)
rElec    .         Reflect  .   s - ring of resist corrosion
rCorr    +         Harm     .   (no ring)
MR       .....                  u - ring of positive energy
Stlth    +++.......             (no ring)
HPRegen  0.18/turn              (no ring)
MPRegen  0.16/turn              (no ring)
                                (no ring)
                                (no ring)

@: flying
A: almost no armour, stealthy swim, amphibious, 8 rings, constrict 8, camouflage
1, gelatinous body 1
a: Renounce Religion


You were on level 7 of the Dungeon.
You worshipped Qazlal.
Qazlal was aware of your devotion.
You were hungry.

You visited 2 branches of the dungeon, and saw 8 of its levels.

You collected 373 gold pieces.

Inventory:

Hand Weapons
 m - a +2 quarterstaff of chaos (weapon)
 B - a +2 quarterstaff of speed
Jewellery
 s - a ring of resist corrosion (left tentacle)
 u - a ring of positive energy (on tentacle)
 y - an uncursed ring of resist corrosion
Wands
 k - a wand of flame (13)
 l - a wand of digging (5)
 p - a wand of polymorph (9)
Scrolls
 e - 3 scrolls of identify {unknown}
 h - 3 scrolls of remove curse
 i - 2 scrolls of teleportation {unknown}
 j - a scroll of blinking {unknown}
 n - a scroll of enchant weapon {unknown}
 q - a scroll of enchant armour {unknown}
 r - a scroll of amnesia {unknown}
 t - a scroll of vulnerability {unknown}
 w - a scroll of magic mapping {unknown}
Potions
 a - 2 potions of brilliance {unknown}
 c - 4 potions of resistance {unknown}
 f - 2 potions of flight
 o - 2 potions of degeneration {unknown}
 v - 2 potions of agility {unknown}
 x - a potion of lignification {unknown}
 z - 2 potions of might {unknown}
Comestibles
 b - 6 rations


   Skills:
 * Level 5.6 Dodging
 - Level 2.6 Stealth
 - Level 6.3 Spellcasting
 - Level 4.5 Conjurations
 + Level 10.6 Air Magic


You had 6 spell levels left.
You knew the following spells:

 Your Spells              Type           Power        Failure   Level  Hunger
a - Shock                 Conj/Air       ####         1%          1    None
b - Swiftness             Chrm/Air       ####....     1%          2    None
c - Static Discharge      Conj/Air       #####...     1%          3    #......
d - Airstrike             Air            ######....   1%          4    ###....
s - Lightning Bolt        Conj/Air       #####.....   12%         5    #####..

Your spell library contained the following spells:

 Spells                   Type           Power        Failure   Level  Hunger
 Magic Dart               Conj           ####         1%          1    None
 Mephitic Cloud           Conj/Pois/Air  ####....     3%          3    #......
 Conjure Flame            Conj/Fire      ###.....     11%         3    #......
 Blink                    Tloc           N/A          14%         2    None
 Call Imp                 Summ           #.......     14%         2    None
 Slow                     Hex            #.......     14%         2    None


Dungeon Overview and Level Annotations

Branches:
Dungeon (7/15)             Temple (1/1) D:6

Altars:
Ashenzari
Cheibriados
Fedhas
Gozag
Hepliaklqana
Kikubaaqudgha
Nemelex Xobeh
Qazlal
Ru
Trog
Wu Jian
Xom
Yredelemnul
Zin
Jiyva


Innate Abilities, Weirdness & Mutations

You cannot wear most types of armour.
You are very stealthy in the water. (Stealth+)
You are amphibious.
You can wear up to eight rings at the same time.
You can use your tentacles to constrict eight enemies at once.
Your skin changes colour to match your surroundings (Stealth+).
Your rubbery body absorbs attacks. (AC +1, EV +1)


Message History

Deactivating autopickup; reactivate with Ctrl-A.
Something hits you. Something shocks you.
Okay, then.
As you read the scroll labeled UNEFRI UXURAA, it crumbles to dust.
You feel blessed for a moment.
It was a scroll of remove curse.
The bullfrog hits you. Something hits you.
* * * LOW HITPOINT WARNING * * *
Something shocks you.
* * * LOW HITPOINT WARNING * * *
You feel better. The bullfrog hits you!
* * * LOW HITPOINT WARNING * * *
The bullfrog barely misses you. Something barely misses you.
It was a potion of flight.
You feel very buoyant.
You fly up into the air.
The bullfrog hits you!
* * * LOW HITPOINT WARNING * * *
Something hits you.
* * * LOW HITPOINT WARNING * * *
Something shocks you.
You die...

###...###.....##
##.....###
.............## #.....##
......F......### ##....##
........##.....##
##[...##
.....$).##......###....##
.......###............##
.....). #...........##
....... #....{.....##
......# #...^รท@...##
...... #....F...## ......
#.......## #....>..#
.........## ........##
.......## ....... ......#


You could see a bullfrog.

Vanquished Creatures
  A hornet (D:6)
  Prince Ribbit (D:6)
  Grinder (D:5)
  Sigmund (D:5)
  A hungry ghost (D:6)
  Menkaure (D:6)
  2 sky beasts
  An eye of draining (D:3)
  2 phantoms
  2 ogres (D:6)
  A centaur (D:6)
  Blork the orc (D:6)
  2 big kobolds (D:3)
  2 bullfrogs
  A water moccasin zombie (D:6)
  2 scorpions (D:6)
  A wight (D:6)
  3 crimson imps
  6 hounds
  6 jellies (D:6)
  4 orc priests
  Crazy Yiuf (D:2)
  Jessica (D:3)
  4 worker ants
  An orc wizard (D:4)
  A killer bee zombie (D:7)
  A hound skeleton (D:4)
  11 gnolls
  12 adders
  4 oozes
  An adder skeleton (D:5)
  An adder zombie (D:5)
  A worm (D:6)
  4 leopard geckos
  16 orcs
  9 bats
  8 giant cockroaches
  30 goblins
  28 hobgoblins
  9 jackals
  2 quokkas
  2 ball pythons
  A ball python zombie (D:5)
  6 frilled lizards
  14 kobolds
  2 leopard gecko skeletons
  A leopard gecko zombie (D:5)
  A quokka skeleton (D:5)
  10 rats
224 creatures vanquished.

Notes
Turn   | Place    | Note
-------+----------+-------------------------------------------
     0 | D:1      | snowfan the Octopode Air Elementalist began the quest for
                  | the Orb.
     0 | D:1      | Reached XP level 1. HP: 11/11 MP: 3/3
   173 | D:1      | Reached XP level 2. HP: 15/17 MP: 3/5
   397 | D:1      | Reached XP level 3. HP: 17/21 MP: 0/7
  1364 | D:2      | Reached XP level 4. HP: 18/27 MP: 8/8
  1699 | D:2      | Found a sparkling altar of Nemelex Xobeh.
  1908 | D:2      | Found a shattered altar of Ashenzari.
  2259 | D:2      | Found a runed translucent door.
  2260 | D:2      | Noticed Crazy Yiuf
  2368 | D:2      | Killed Crazy Yiuf
  2368 | D:2      | Reached XP level 5. HP: 25/31 MP: 6/10
  2454 | D:3      | Learned a level 2 spell: Swiftness
  2458 | D:3      | Learned a level 3 spell: Static Discharge
  2463 | D:3      | Learned a level 4 spell: Airstrike
  3003 | D:3      | Noticed Jessica
  3009 | D:3      | Killed Jessica
  3009 | D:3      | Reached skill level 4 in Air Magic
  3129 | D:3      | Reached XP level 6. HP: 36/36 MP: 5/12
  3979 | D:3      | Found a bloodstained altar of Trog.
  3979 | D:3      | Noticed an eye of draining
  3983 | D:3      | Killed an eye of draining
  4947 | D:3      | Reached XP level 7. HP: 41/41 MP: 5/14
  5051 | D:3      | Reached skill level 5 in Spellcasting
  5793 | D:5      | Entered Level 5 of the Dungeon
  5929 | D:5      | Reached skill level 5 in Air Magic
  6525 | D:5      | Reached XP level 8. HP: 46/46 MP: 8/16
  6726 | D:5      | Noticed Grinder
  6732 | D:5      | Killed Grinder
  6900 | D:5      | Found a snail-covered altar of Cheibriados.
  7006 | D:5      | You fall through a shaft!
  7094 | D:6      | Reached skill level 6 in Air Magic
  7255 | D:6      | Noticed a hornet
  7390 | D:6      | Noticed Menkaure
  7393 | D:6      | Killed Menkaure
  7421 | D:6      | Reached skill level 7 in Air Magic
  7528 | D:5      | Noticed Sigmund
  7532 | D:5      | Killed Sigmund
  7532 | D:5      | Reached skill level 8 in Air Magic
  7532 | D:5      | Reached XP level 9. HP: 36/51 MP: 0/18
  8292 | D:6      | Reached skill level 9 in Air Magic
  8539 | D:6      | Killed a hornet
  8681 | D:6      | Found a staircase to the Ecumenical Temple.
  8704 | Temple   | Entered the Ecumenical Temple
  8708 | Temple   | Became a worshipper of Qazlal Stormbringer
  8830 | D:6      | Reached skill level 10 in Air Magic
  8841 | D:6      | Learned a level 5 spell: Lightning Bolt
  9003 | D:6      | Noticed Blork the orc
  9006 | D:6      | Killed Blork the orc
  9114 | D:6      | Noticed Prince Ribbit
  9120 | D:6      | Killed Prince Ribbit
  9974 | D:4      | Reached skill level 5 in Dodging
  9974 | D:4      | Reached XP level 10. HP: 56/56 MP: 1/19
 10499 | D:4      | Found a hazy altar of Hepliaklqana.
 10500 | D:4      | Found a snail-covered altar of Cheibriados.
 10648 | D:7      | Reached * piety under Qazlal
 10927 | D:7      | Slain by a sky beast

Skill      XL: |  1  2  3  4  5  6  7  8  9 |
---------------+----------------------------+-----
Spellcasting   | 3 4 5 6 |  6.3
Conjurations   | 2 3 4 |  4.5
Air Magic      | 4 5 8 10 | 10.6
Dodging        | 3 5 |  5.6
Stealth        | |  2.6

Action                   |  1- 3 |  4- 6 |  7- 9 | 10-12 || total
-------------------------+-------+-------+-------+-------++-------
Melee: Unarmed           |     9 |       |       |       ||     9
       Tentacles         |     6 |     5 |     6 |     3 ||    20
       Constrict         |     6 |     6 |     8 |     6 ||    26
       Dagger            |     7 |    11 |       |       ||    18
       Quarterstaff      |       |     8 |    42 |    26 ||    76
 Cast: Shock             |    57 |   133 |   104 |    12 ||   306
       Static Discharge  |       |     4 |       |     3 ||     7
       Airstrike         |       |    10 |    93 |     6 ||   109
       Lightning Bolt    |       |       |     1 |     4 ||     5
  Use: Potion            |       |       |       |     2 ||     2
       Scroll            |       |       |       |     1 ||     1
 Stab: Sleeping          |     1 |     4 |     1 |     2 ||     8
  Eat: Chunk             |     2 |     9 |    26 |     5 ||    42
       Ration            |       |     1 |     2 |       ||     3
Armor: Skin              |     2 |     1 |     5 |       ||     8
Dodge: Dodged            |    15 |    30 |    48 |    19 ||   112
Block: Other             |       |       |       |     2 ||     2
